 Dungeon Sprint DCSS version 0.28-a0-97-g102d6777a4 (webtiles) character file.

Game seed: 18206086202124675585

1728 MikeHunt the Martial Artist (level 8, -6/71 HPs)
             Began as a Black Draconian Monk on Aug 10, 2021.
             Mangled by a skeletal warrior (9 damage)
             ... in the Dungeon (Sprint II: "The Violet Keep of Menkaure").
             The game lasted 00:04:58 (907 turns).

MikeHunt the Martial Artist (Black Draconian Monk)   Turns: 907, Time: 00:04:58

Health: -6/71      AC: 10    Str: 14    XL:     8   Next: 76%
Magic:  8/8        EV: 16    Int:  9    God:
Gold:   223        SH:  0    Dex: 16    Spells: 7/7 levels left

rFire   . . .      SeeInvis .     - Unarmed
rCold   . . .      Faith    .   (no shield)
rNeg    + . .      Spirit   .   (armour unavailable)
rPois   +          Reflect  .   (helmet restricted)
rElec   +          Harm     .   e - +2 ratskin cloak {*Rats rPois rN+ Str-1 Int-1 Dex+1}
rCorr   .          Rampage  .   (no gloves)
Will    .....      NoTele   +   g - +0 pair of boots
Stlth   ++++......              (no amulet)
HPRegen 0.21/turn               (no ring)
MPRegen 0.11/turn               (no ring)

@: short of breath
A: breathe lightning, AC +6, unfitting armour, electricity resistance,
cold-blooded, frail 1
a: Breathe Lightning


You were in the Dungeon.
You visited 1 branch You collected 972 gold pieces.
You spent 749 gold pieces at shops.

Inventory:

Armour
 e - the +2 ratskin cloak (worn) {*Rats rPois rN+ Str-1 Int-1 Dex+1}
   (You bought it in a shop in the Dungeon)

   When the wearer is hurt, rats may emerge from it to assist them.
   Str:       It affects your strength (-1).
   Int:       It affects your intelligence (-1).
   Dex:       It affects your dexterity (+1).
   rPois:     It protects you from poison.
   rN:        It protects you from negative energy.
 g - a +0 pair of boots (worn)
Potions
 d - 2 potions of magic


   Skills:
 - Level 9.9 Fighting
 - Level 8.3 Dodging
 - Level 8.7 Stealth
 + Level 13.2 Unarmed Combat


You had 7 spell levels left.
You didn't know any spells.
Your spell library was empty.

Dungeon Overview and Level Annotations

Branches:
Dungeon (1/1)

Altars:
Cheibriados
Dithmenos
Elyvilon
Hepliaklqana
Kikubaaqudgha
Makhleb
Qazlal
Ru
Sif Muna
Trog
Uskayaw
Vehumet
Wu Jian
Xom
Yredelemnul
Zin
The Shining One
Beogh
Jiyva
Lugonu

Shops:
D =::?(![([(![!=*

Annotations:
D exclusion: oklob plant, Kirke, Roxanne


Innate Abilities, Weirdness & Mutations

You can breathe wild blasts of lightning.
Your glossy black scales are hard. (AC +6)
You cannot fit into any form of body armour.
You are resistant to electric shocks. (rElec)
You are cold-blooded and may be slowed by cold attacks.
You are frail. (-10% HP)


Message History

Your extra speed is starting to run out.
A skeletal warrior opens the door.
It is wielding a +0 scimitar.
You breathe a wild blast of lightning!
You hear a mighty clap of thunder!
The bolt of lightning misses you. The bolt of lightning hits you. You resist.
* * * LOW HITPOINT WARNING * * *
You hear a mighty clap of thunder!
The bolt of lightning hits the polar bear but does no damage.
The polar bear is heavily wounded.
You hear a shout! x2
You feel better. The polar bear bites you.
* * * LOW HITPOINT WARNING * * *
The polar bear claws you.
* * * LOW HITPOINT WARNING * * *
The polar bear claws you but does no damage.
You aren't carrying any scrolls.
You hit the polar bear but do no damage.
You tail-slap the polar bear, but do no damage.
The polar bear is heavily wounded.
You pummel the polar bear!! Your punch misses the polar bear.
The polar bear is almost dead.
The polar bear bites you!
* * * LOW HITPOINT WARNING * * *
The polar bear claws you but does no damage.
The polar bear barely misses you.
You punch the polar bear!
You kill the polar bear!
Your Unarmed Combat skill increases to level 13!
You aren't carrying any scrolls.
Okay, then.
Unknown command.
Okay, then.
You aren't carrying any items that you can evoke.
Okay, then.
Unknown command.
You feel yourself slow down.
You barely miss the skeletal warrior.
The skeletal warrior is lightly damaged.
The skeletal warrior hits you with a +0 scimitar!
You die...

##..∩...∩.#≈##.###'###.##..#
##...∩.∩..#≈#...##z##.# #..#
##....⌠...'≈+.##'.B.'.##+..##
##........#≈#..h##.##..##....
#▓▓▓▓▓▓▓###≈##.###'###.##....
##?l.######≈≈### #.#####≈≈...
#)l.#S ##B≈≈#..#..#≈≈≈§≈≈≈
#∩P$+S #z#≈##.#.##≈≈≈§≈≈≈
#([. ( #@#≈≈##+##≈≈≈≈≈§≈≈ #$.
####≈≈≈≈≈≈≈≈§§§≈§≈
#+++#+++#≈§§§≈§ ≈≈≈≈≈ ##≈≈≈##
.≈§.≈≈§≈.##≈≈#
+≈..§≈8§≈≈§.+≈≈#
##≈≈§§≈§≈≈≈##≈§≈≈ ##≈§≈§≈§≈##
### ####+####


zz You could see a boulder beetle and a skeletal warrior.

Vanquished Creatures
  2 polar bears (D)
  4 neqoxecs (D)
  A vampire mosquito (D)
  A water moccasin (D)
  4 necrophages (D)
  4 scorpions (D)
16 creatures vanquished.

Vanquished Creatures (others)
  Menkaure (D)
  A water moccasin (D)
  A spectral quokka (D)
3 creatures vanquished.

Grand Total: 19 creatures vanquished

Notes
Turn   | Place    | Note
-------+----------+-------------------------------------------
     0 | D        | MikeHunt the Draconian Monk began the quest for the Orb.
     0 | D        | Reached XP level 1. HP: 19/19 MP: 1/1
     1 | D        | Noticed a necrophage
     1 | D        | Noticed a necrophage
     1 | D        | Noticed a necrophage
     1 | D        | Noticed a necrophage
     9 | D        | Killed a necrophage
    10 | D        | Reached skill level 5 in Fighting
    10 | D        | Reached skill level 5 in Unarmed Combat
    10 | D        | Reached XP level 2. HP: 29/29 MP: 2/2
    10 | D        | Reached XP level 3. HP: 36/36 MP: 3/3
    10 | D        | Reached XP level 4. HP: 42/42 MP: 4/4
    13 | D        | Killed a necrophage
    14 | D        | Reached skill level 5 in Dodging
    14 | D        | Reached skill level 5 in Stealth
    14 | D        | Reached skill level 6 in Unarmed Combat
    14 | D        | Reached XP level 5. HP: 51/51 MP: 5/5
    20 | D        | Killed a necrophage
    22 | D        | Killed Menkaure
    26 | D        | Killed a necrophage
    27 | D        | Reached skill level 7 in Unarmed Combat
    27 | D        | Reached XP level 6. HP: 29/61 MP: 6/6
    38 | D        | Killed a water moccasin
   174 | D        | Noticed a boulder beetle
   174 | D        | Noticed a boulder beetle
   338 | D        | Reached skill level 8 in Unarmed Combat
   338 | D        | Your scales start taking on a glossy black colour.
   338 | D        | Reached XP level 7. HP: 58/69 MP: 7/7
   338 | D        | Gained mutation: You are resistant to electric shocks.
                  | (rElec) [Black Draconian growth]
   447 | D        | Noticed a neqoxec
   447 | D        | Noticed a neqoxec
   447 | D        | Noticed a neqoxec
   447 | D        | Noticed a neqoxec
   448 | D        | Killed a neqoxec
   448 | D        | Killed a neqoxec
   449 | D        | Reached skill level 9 in Unarmed Combat
   454 | D        | Gained mutation: You are frail. (-10% HP) [a neqoxec]
   462 | D        | Killed a neqoxec
   465 | D        | Killed a neqoxec
   466 | D        | Reached skill level 10 in Unarmed Combat
   466 | D        | Reached XP level 8. HP: 63/71 MP: 8/8
   687 | D        | Found Badotihi's Jewellery Boutique.
   687 | D        | Found Neolur's General Store.
   691 | D        | Reached skill level 11 in Unarmed Combat
   691 | D        | Found Laipim's Antique Armour Boutique.
   691 | D        | Found Fomir's Distillery.
   692 | D        | Found Cuptea's Weapon Boutique.
   692 | D        | Found Emamariz's Distillery.
   694 | D        | Found Fegunen's Antique Weapon Shop.
   694 | D        | Found Qunuicim's Antique Armour Boutique.
   695 | D        | Found Niocsigg's Antique Armour Shop.
   695 | D        | Found Sopho's Distillery.
   700 | D        | Found Roca's Antique Weapon Boutique.
   700 | D        | Found Ogery's Magic Scroll Shop.
   700 | D        | Noticed an oklob plant
   701 | D        | Found Umnochu's Book Shop.
   701 | D        | Found Fischit's Book Shoppe.
   701 | D        | Found Jolip's Jewellery Boutique.
   702 | D        | Noticed a hell hog
   703 | D        | Noticed a hell hog
   735 | D        | Bought the +2 ratskin cloak {*Rats rPois rN+ Str-1 Int-1
                  | Dex+1} for 556 gold pieces
   735 | D        | Found the +2 ratskin cloak {*Rats rPois rN+ Str-1 Int-1
                  | Dex+1}
   741 | D        | Bought a cloak for 103 gold pieces
   762 | D        | Bought a pair of boots for 90 gold pieces
   778 | D        | Noticed a centaur warrior
   778 | D        | Noticed Kirke
   778 | D        | Noticed a kobold demonologist
   805 | D        | Noticed Roxanne
   811 | D        | Noticed a flying skull
   811 | D        | Noticed a flying skull
   811 | D        | Noticed a flying skull
   816 | D        | Found a stormy altar of Qazlal.
   816 | D        | Found an ornate altar of the Wu Jian Council.
   817 | D        | Found a hazy altar of Hepliaklqana.
   817 | D        | Found a sacrificial altar of Ru.
   817 | D        | Found a shimmering altar of Xom.
   818 | D        | Found a viscous altar of Jiyva.
   818 | D        | Found a shimmering blue altar of Sif Muna.
   819 | D        | Found a snail-covered altar of Cheibriados.
   819 | D        | Found an ancient bone altar of Kikubaaqudgha.
   819 | D        | Found a bloodstained altar of Trog.
   820 | D        | Found a shadowy altar of Dithmenos.
   820 | D        | Found a corrupted altar of Lugonu.
   821 | D        | Found a white marble altar of Elyvilon.
   821 | D        | Found a burning altar of Makhleb.
   822 | D        | Found a glowing golden altar of the Shining One.
   822 | D        | Found a basalt altar of Yredelemnul.
   822 | D        | Found a hide-covered altar of Uskayaw.
   823 | D        | Found a glowing silver altar of Zin.
   823 | D        | Found a radiant altar of Vehumet.
   823 | D        | Noticed a polar bear
   823 | D        | Noticed a polar bear
   825 | D        | Noticed a hornet
   849 | D        | Killed a polar bear
   850 | D        | Reached skill level 12 in Unarmed Combat
   850 | D        | Noticed a skeletal warrior
   851 | D        | Noticed a smoke demon
   903 | D        | HP: 2/71 [polar bear (7)]
   904 | D        | Killed a polar bear
   905 | D        | Reached skill level 13 in Unarmed Combat
   907 | D        | Mangled by a skeletal warrior

Illustrated notes

Levels and vault maps discovered:
D:        the_violet_keep_of_menkaure [sprint2_stairs_cluster_1,
          sprint2_shoproom, sprint2_temple, sprint2_basic_supplies,
          sprint2_obstacle_6, sprint2_obstacle_1, sprint2_obstacle_5,
          sprint2_obstacle_3, sprint2_obstacle_2, sprint2_timed_cluster_1,
          sprint2_smallroom_cluster_1, sprint2_smallroom_final_cluster_1,
          sprint2_transparent_cluster_1, sprint2_second_timed_cluster_1,
          sprint2_sniper_area_1, sprint2_heavy_combat_area_1,
          sprint2_mutation_trap_area_1, sprint2_forest_area_1,
          sprint2_light_combat_area_1, sprint2_behind_water_1,
          sprint2_near_end_vault_1]

Skill      XL: |  1  2  3  4  5  6  7  8 |
---------------+-------------------------+-----
Fighting       | 5 6 8 9 |  9.9
Dodging        | 4 5 6 7 8 |  8.3
Stealth        | 4 5 7 8 |  8.7
Unarmed Combat | 5 6 7 8 10 13 | 13.2

Action                   |  1- 3 |  4- 6 |  7- 9 || total
-------------------------+-------+-------+-------++-------
Melee: Unarmed           |     6 |    32 |    45 ||    83
       Tailslap          |       |     5 |     6 ||    11
       Punch             |       |     1 |     1 ||     2
 Abil: Breathe Lightning |       |       |     5 ||     5
  Use: Potion            |     1 |       |     3 ||     4
       Scroll            |       |       |     1 ||     1
 Stab: Sleeping          |       |       |     1 ||     1
Armor: Skin              |       |     4 |    17 ||    21
Dodge: Dodged            |     3 |     9 |    49 ||    61

Table legend: (Time is in decaauts)
 A = Elapsed time spent in this place.
 B = Non-inter-level travel time spent in this place.
 C = Inter-level travel time spent in this place.
 D = Time resting spent in this place.
 E = Time spent auto-exploring this place.
 F = Levels seen in this place.
 G = Mean time per level.
                   A        B        C        D        E       F      G
               +--------+--------+--------+--------+--------+-----+--------+
         Total |    914 |    914 |      0 |    581 |      0 |   1 |  914.0 |
       Dungeon |    914 |    914 |      0 |    581 |      0 |   1 |  914.0 |
               +--------+--------+--------+--------+--------+-----+--------+

Top non-repeatable levels by time:
       D: 914 daAuts
